 Dungeon Crawl Stone Soup version 0.18.1-8-gdd0e5ea (webtiles) character file.

39 DAD the Skirmisher (level 3, -1/29 HPs)
             Began as a Demonspawn Berserker on June 10, 2016.
             Was a Believer of Trog.
             Slain by a hungry ghost (3 damage)
             ... on level 4 of the Dungeon.
             The game lasted 00:08:05 (1061 turns).

DAD the Skirmisher (Demonspawn Berserker)           Turns: 1061, Time: 00:08:05

Health: -1/29      AC:  7    Str: 17    XL:     3   Next: 28%
Magic:  3/3        EV: 12    Int:  8    God:    Trog [**....]
Gold:   21         SH:  0    Dex: 13    Spells: 0 memorised, 2 levels left

rFire  . . .     SeeInvis .     e - +0 mace (protect)
rCold  . . .     Gourm    .     b - +0 animal skin
rNeg   . . .     Faith    .     (no shield)
rPois  .         Spirit   .     (no helmet)
rElec  .         Dismiss  .     (no cloak)
rCorr  .         Reflect  .     (no gloves)
SustAt .         Harm     .     (no boots)
MR     .....                    (no amulet)
Stlth  +.........               (no ring)
                                (no ring)

@: not resistant to hostile enchantments, very unstealthy
A: claws 1, powered by death 1
a: Berserk, Trog's Hand, Burn Spellbooks, Renounce Religion


You were on level 4 of the Dungeon.
You worshipped Trog.
Trog was pleased with you.
You were very hungry.

You visited 1 branch of the dungeon, and saw 4 of its levels.

You collected 21 gold pieces.

Inventory:

Hand Weapons
 a - a +0 falchion
 d - a +0 dagger
 e - a +0 mace of protection (weapon)
 f - a +0 club
 g - a +0 short sword
 i - a +0 flail
 j - a +0 mace
 k - a +0 morningstar
Armour
 b - a +0 animal skin (worn)
 h - a +0 leather armour
Comestibles
 l - 4 fruits


   Skills:
 + Level 3.4 Fighting
 + Level 3.1 Long Blades
 + Level 2.0 Armour
 + Level 2.2 Dodging


You had 2 spell levels left.
You didn't know any spells.

Dungeon Overview and Level Annotations

Branches:
Dungeon (4/15)
 Temple: D:4-7

Altars:
Ashenzari
Elyvilon
Qazlal
Xom
Yredelemnul
Zin


Innate Abilities, Weirdness & Mutations

You have sharp fingernails.
You regenerate a little health from kills.


Message History

You hit the worm but do no damage.
The worm is lightly wounded.
The worm closely misses you. The hungry ghost barely misses you.
You hit the worm.
The worm is moderately wounded.
The hungry ghost closely misses you. The worm barely misses you.
The hungry ghost hits you.
You feel a lot more hungry.
You hit the worm.
The worm is heavily wounded.
The hungry ghost completely misses you. The worm misses you.
You hit the worm.
The worm is heavily wounded.
The hungry ghost hits you.
You are feeling very hungry.
The worm closely misses you.
You hit the worm.
The worm is severely wounded.
The hungry ghost hits you.
You feel quite a bit more hungry. The hungry ghost hits you.
You die...

.$. ### .. #..
#.# #.# .. #.#
#. #$# ##.###.#
.####...##.#####
......w@W......#
###$....######.#
#.%#.## #.#####
#. ## #.....# ..
#####.# #.
####.# # ..##.#
#.##.# #.#.#.#
#.# #.##.#


You could see a hungry ghost and a worm.

Vanquished Creatures
  An adder (D:2)
  2 giant geckos
  3 orcs (D:3)
  A giant cockroach (D:1)
  4 goblins
  3 hobgoblins
  A kobold (D:2)
  A quokka (D:2)
  3 bats
  A giant newt (D:2)
  5 rats
25 creatures vanquished.

Notes
Turn   | Place    | Note
--------------------------------------------------------------
     0 | D:1      | DAD the Demonspawn Berserker began the quest for the Orb.
     0 | D:1      | Reached XP level 1. HP: 18/18 MP: 1/1
   249 | D:1      | Gained mutation: You regenerate a little health from kills. [demonic ancestry]
   249 | D:1      | Reached XP level 2. HP: 10/24 MP: 2/2
   600 | D:2      | Found a basalt altar of Yredelemnul.
   720 | D:2      | Gained mutation: You have sharp fingernails. [demonic ancestry]
   720 | D:2      | Reached XP level 3. HP: 22/29 MP: 3/3
   842 | D:3      | Reached ** piety under Trog
   881 | D:3      | Found a stormy altar of Qazlal.
   881 | D:3      | Found a shattered altar of Ashenzari.
   900 | D:3      | Found a shimmering altar of Xom.
   922 | D:3      | Found a glowing silver altar of Zin.
   938 | D:3      | Found a white marble altar of Elyvilon.
  1014 | D:4      | Noticed a hungry ghost
  1055 | D:4      | HP: 1/29 [hungry ghost (4)]
  1061 | D:4      | Slain by a hungry ghost

Skill      XL: |  1  2 |
---------------+-------+-----
Long Blades    | 3 |  3.1
Armour         | 2 |  2.0
Dodging        | 2 |  2.2
Fighting       | |  3.4

Action                   || total
-------------------------++-------
Melee: Falchion          ||    63
       Mace              ||    39
  Use: Potion            ||     2
       Scroll            ||     2
 Stab: Sleeping          ||     2
  Eat: Bread ration      ||     2
Armor: Animal skin       ||    26
Dodge: Dodged            ||    86
